[ AOE2 MATCH · #504898048 ]
UnrankedSlavs vs Turks
Player's team · WIN
Rival team · LOSS
[ REPLAY ANALYSIS · EXTRACTED FROM THE RECORDED GAME ]
Feudal
9:23
Castle
20:29
Imperial
31:03
| APM avg | 62.5 |
| APM peak | 106 |
| eAPM avg | 22.3 |
| Villagers / military | 95 / 47 |
Focus
⚔️ 40.2% · 🌾 59.8%
Skirmisher ×21 · Knight ×8 · Monk ×6 · Trebuchet (Packed) ×4 · Archer ×3 · Battering Ram ×3
Feudal
13:37
Castle
17:59
Imperial
34:58
| APM avg | 55.9 |
| APM peak | 104 |
| eAPM avg | 26.7 |
| Villagers / military | 135 / 69 |
Focus
⚔️ 24.8% · 🌾 75.2%
Scout Cavalry ×25 · Janissary ×24 · Skirmisher ×7 · Monk ×4 · Knight ×4 · Militia ×4
Match map
Initial resources + every placement click. Lines = walls · curves = elevation contours. ◆ gold · ⬟ stone · ● berries · ✦ relic · ◌ wall gap
Your base· ✓ Closed at 20:29 · 36t walls · no gate
Fts_'s base· Open — 6t gap
Smoothed initial terrain · ◌ = detected wall gap · hover for details
Inputs per minute
— PigeonOnABrick - - Fts_
Build order — PigeonOnABrick
First 150 of 259 actions detected
| 0:01 | Queue | Villager (Male) |
| 0:01 | Queue | Villager (Male) |
| 0:02 | Build | House |
| 0:04 | Build | House |
| 0:30 | Queue | Villager (Male) |
| 0:36 | Queue | Villager (Male) |
| 1:24 | Queue | Villager (Male) |
| 1:51 | Build | Lumber Camp |
| 2:03 | Queue | Villager (Male) |
| 2:03 | Queue | Villager (Male) |
| 2:35 | Queue | Villager (Male) |
| 2:38 | Queue | Villager (Male) |
| 3:12 | Queue | Villager (Male) |
| 3:39 | Queue | Villager (Male) |
| 4:02 | Build | House |
| 4:09 | Queue | Villager (Male) |
| 4:21 | Build | Mill |
| 4:39 | Queue | Villager (Male) |
| 5:01 | Queue | Villager (Male) |
| 5:17 | Queue | Villager (Male) |
| 5:46 | Queue | Villager (Male) |
| 5:57 | Queue | Villager (Male) |
| 6:11 | Research | Loom |
| 7:13 | Research | Feudal Age |
| 7:37 | Build | Lumber Camp |
| 7:44 | Build | House |
| 8:12 | Build | Barracks |
| 8:15 | Queue | Villager (Male) |
| 9:23 | Age | Feudal Age |
| 9:26 | Build | Archery Range |
| 9:32 | Build | House |
| 9:38 | Build | Palisade Wall |
| 9:40 | Build | Palisade Wall |
| 9:42 | Build | Palisade Wall |
| 10:00 | Queue | Villager (Male) |
| 10:01 | Queue | Archer |
| 10:11 | Queue | Villager (Male) |
| 10:13 | Research | Double-Bit Axe |
| 10:34 | Queue | Villager (Male) |
| 10:35 | Queue | Villager (Male) |
| 10:38 | Build | Palisade Wall |
| 10:46 | Queue | Villager (Male) |
| 11:13 | Build | Mining Camp |
| 11:22 | Queue | Spearman |
| 11:51 | Queue | Villager (Male) |
| 12:08 | Queue | Villager (Male) |
| 12:22 | Queue | Archer |
| 12:30 | Queue | Villager (Male) |
| 12:39 | Build | Farm |
| 12:40 | Build | Farm |
| 12:41 | Build | Farm |
| 12:59 | Build | Blacksmith |
| 13:01 | Build | House |
| 13:10 | Queue | Villager (Male) |
| 13:17 | Queue | Archer |
| 13:29 | Queue | Villager (Male) |
| 13:33 | Build | Farm |
| 13:42 | Build | Farm |
| 13:43 | Build | Farm |
| 13:57 | Queue | Villager (Male) |
| 13:59 | Build | Farm |
| 14:12 | Research | Horse Collar |
| 14:20 | Build | House |
| 14:23 | Build | Palisade Wall |
| 14:32 | Queue | Villager (Male) |
| 14:36 | Build | Farm |
| 14:46 | Research | Fletching |
| 14:47 | Queue | Villager (Male) |
| 15:09 | Queue | Villager (Male) |
| 15:29 | Build | Market |
| 15:32 | Queue | Villager (Male) |
| 15:56 | Build | Farm |
| 15:56 | Build | Farm |
| 15:59 | Queue | Villager (Male) |
| 16:15 | Build | Farm |
| 16:42 | Queue | Villager (Male) |
| 16:45 | Build | House |
| 16:46 | Build | House |
| 16:46 | Build | House |
| 17:12 | Queue | Villager (Male) |
| 17:15 | Build | Farm |
| 17:16 | Build | Farm |
| 17:49 | Research | Castle Age |
| 18:06 | Build | Palisade Wall |
| 18:10 | Queue | Skirmisher |
| 18:13 | Queue | Skirmisher |
| 18:18 | Build | Farm |
| 18:35 | Build | Archery Range |
| 18:38 | Build | House |
| 18:50 | Build | Palisade Wall |
| 18:58 | Build | Palisade Wall |
| 19:00 | Build | Palisade Wall |
| 19:03 | Queue | Villager (Male) |
| 19:04 | Queue | Skirmisher |
| 19:07 | Research | Padded Archer Armor |
| 19:10 | Queue | Skirmisher |
| 19:10 | Queue | Skirmisher |
| 19:24 | Queue | Skirmisher |
| 19:52 | Research | Gold Mining |
| 20:27 | Build | House |
| 20:29 | Age | Castle Age |
| 20:31 | Research | Bodkin Arrow |
| 20:35 | Queue | Villager (Male) |
| 21:36 | Build | Monastery |
| 21:38 | Queue | Villager (Male) |
| 21:38 | Queue | Villager (Male) |
| 21:41 | Research | Bow Saw |
| 22:03 | Build | Farm |
| 22:06 | Build | Farm |
| 22:06 | Build | Farm |
| 22:08 | Build | Farm |
| 22:10 | Build | Farm |
| 22:17 | Build | Town Center |
| 22:23 | Queue | Monk |
| 22:26 | Research | Heavy Plow |
| 22:30 | Queue | Villager (Male) |
| 22:40 | Build | Farm |
| 22:40 | Build | Farm |
| 22:43 | Build | House |
| 22:45 | Build | House |
| 22:52 | Queue | Villager (Male) |
| 23:00 | Queue | Monk |
| 23:08 | Build | House |
| 23:13 | Build | House |
| 23:18 | Queue | Villager (Male) |
| 23:30 | Queue | Monk |
| 23:40 | Build | Farm |
| 23:41 | Build | Farm |
| 23:42 | Build | Farm |
| 23:43 | Build | Farm |
| 23:45 | Build | Farm |
| 23:46 | Build | Farm |
| 23:47 | Build | Farm |
| 24:06 | Queue | Monk |
| 24:17 | Queue | Villager (Male) |
| 24:21 | Queue | Villager (Male) |
| 24:21 | Research | Wheelbarrow |
| 24:28 | Build | University |
| 24:29 | Build | House |
| 24:33 | Queue | Villager (Male) |
| 24:38 | Queue | Villager (Male) |
| 24:40 | Build | Mining Camp |
| 24:42 | Queue | Villager (Male) |
| 24:42 | Queue | Villager (Male) |
| 24:46 | Build | Lumber Camp |
| 24:57 | Queue | Villager (Male) |
| 24:57 | Queue | Villager (Male) |
| 25:09 | Build | Farm |
| 25:10 | Build | Farm |
| 25:11 | Build | Farm |
Build order — Fts_
First 150 of 355 actions detected
| 0:01 | Queue | Villager (Male) ×4 |
| 0:02 | Build | House |
| 0:02 | Build | House |
| 1:26 | Queue | Villager (Male) |
| 1:26 | Queue | Villager (Male) |
| 1:53 | Build | Lumber Camp |
| 1:57 | Queue | Villager (Male) |
| 1:57 | Queue | Villager (Male) |
| 2:21 | Queue | Villager (Male) |
| 2:21 | Queue | Villager (Male) |
| 2:48 | Queue | Villager (Male) |
| 2:48 | Queue | Villager (Male) |
| 3:06 | Queue | Villager (Male) |
| 3:06 | Queue | Villager (Male) |
| 3:35 | Queue | Villager (Male) |
| 3:36 | Queue | Villager (Male) |
| 3:55 | Queue | Villager (Male) |
| 4:07 | Build | House |
| 4:33 | Queue | Villager (Male) |
| 4:39 | Build | Palisade Wall |
| 4:45 | Build | Barracks |
| 4:51 | Queue | Villager (Male) |
| 5:34 | Queue | Villager (Male) |
| 5:40 | Build | House |
| 5:43 | Queue | Villager (Male) |
| 5:47 | Build | House |
| 5:49 | Research | Loom |
| 5:53 | Queue | Militia |
| 5:53 | Queue | Militia |
| 6:04 | Queue | Villager (Male) |
| 6:18 | Queue | Militia |
| 6:26 | Build | Palisade Wall |
| 6:27 | Build | Palisade Wall |
| 6:35 | Queue | Militia |
| 6:45 | Build | Mill |
| 7:15 | Research | Loom |
| 7:15 | Research | Loom |
| 7:15 | Queue | Villager (Male) |
| 7:16 | Queue | Villager (Male) |
| 7:22 | Build | House |
| 7:46 | Build | Palisade Wall |
| 8:00 | Queue | Villager (Male) |
| 8:03 | Build | Farm |
| 8:11 | Queue | Villager (Male) |
| 8:30 | Queue | Villager (Male) |
| 8:32 | Build | Farm |
| 8:42 | Build | Palisade Wall |
| 9:13 | Queue | Villager (Male) |
| 9:15 | Build | Farm |
| 9:24 | Build | Farm |
| 10:03 | Queue | Villager (Male) |
| 10:04 | Build | Farm |
| 10:19 | Queue | Villager (Male) |
| 10:20 | Build | Farm |
| 10:40 | Build | Farm |
| 10:44 | Build | Farm |
| 10:48 | Queue | Villager (Male) |
| 11:04 | Build | Mining Camp |
| 11:27 | Research | Feudal Age |
| 11:27 | Research | Feudal Age |
| 12:26 | Build | Palisade Wall |
| 12:44 | Build | House |
| 12:48 | Build | House |
| 13:37 | Age | Feudal Age |
| 13:38 | Build | Archery Range |
| 13:39 | Queue | Villager (Male) |
| 13:39 | Queue | Villager (Male) |
| 13:43 | Build | Market |
| 14:12 | Queue | Villager (Male) |
| 14:18 | Queue | Villager (Male) |
| 14:39 | Build | Blacksmith |
| 14:44 | Queue | Villager (Male) |
| 14:57 | Queue | Skirmisher |
| 14:57 | Queue | Skirmisher |
| 15:19 | Research | Castle Age |
| 15:20 | Research | Castle Age |
| 15:28 | Queue | Skirmisher |
| 15:54 | Research | Fletching |
| 15:54 | Research | Fletching |
| 16:08 | Queue | Skirmisher |
| 16:42 | Research | Double-Bit Axe |
| 16:42 | Research | Double-Bit Axe |
| 17:02 | Research | Horse Collar |
| 17:10 | Queue | Skirmisher |
| 17:21 | Build | Stable |
| 17:22 | Queue | Villager (Male) |
| 17:59 | Age | Castle Age |
| 18:07 | Queue | Villager (Male) |
| 18:07 | Build | Farm |
| 18:08 | Build | Farm |
| 18:19 | Queue | Scout Cavalry |
| 18:19 | Queue | Scout Cavalry |
| 18:22 | Queue | Knight |
| 18:23 | Queue | Villager (Male) |
| 18:26 | Queue | Villager (Male) |
| 18:29 | Build | Mining Camp |
| 18:45 | Queue | Skirmisher |
| 19:01 | Queue | Knight |
| 19:12 | Queue | Villager (Male) |
| 19:14 | Queue | Skirmisher |
| 19:17 | Build | House |
| 19:30 | Research | Bow Saw |
| 19:32 | Research | Town Watch |
| 19:33 | Research | Town Watch |
| 19:44 | Queue | Knight |
| 19:53 | Queue | Villager (Male) |
| 19:53 | Queue | Villager (Male) |
| 19:57 | Build | Farm |
| 20:22 | Queue | Knight |
| 20:27 | Queue | Villager (Male) |
| 20:30 | Build | House |
| 20:41 | Build | Farm |
| 20:41 | Build | Farm |
| 20:46 | Queue | Villager (Male) |
| 21:01 | Build | House |
| 21:02 | Build | House |
| 21:08 | Build | House |
| 21:09 | Build | House |
| 21:10 | Build | House |
| 21:17 | Build | Town Center |
| 21:25 | Queue | Villager (Male) |
| 21:28 | Queue | Villager (Male) |
| 21:52 | Queue | Villager (Male) |
| 22:08 | Queue | Villager (Male) |
| 22:15 | Build | Town Center |
| 22:20 | Build | Farm |
| 22:36 | Queue | Villager (Male) |
| 22:36 | Queue | Villager (Male) |
| 22:37 | Queue | Villager (Male) |
| 22:37 | Queue | Villager (Male) |
| 22:40 | Build | Palisade Wall |
| 22:48 | Build | Lumber Camp |
| 22:59 | Queue | Villager (Male) |
| 23:27 | Queue | Villager (Male) |
| 23:27 | Queue | Villager (Male) |
| 23:30 | Build | Farm |
| 23:32 | Build | Farm |
| 23:33 | Build | Farm |
| 23:33 | Queue | Villager (Male) |
| 23:46 | Build | Farm |
| 24:18 | Queue | Villager (Male) |
| 24:18 | Queue | Villager (Male) |
| 24:19 | Queue | Villager (Male) |
| 24:21 | Build | Farm |
| 24:29 | Queue | Villager (Male) |
| 24:29 | Queue | Villager (Male) |
| 24:32 | Build | Outpost |
| 24:35 | Build | Monastery |
| 24:37 | Queue | Villager (Male) |
| 24:41 | Build | Farm |
Match timeline
| 4:39 | Fts_ · wall_segment Palisade Wall x3 |
| 4:45 | Fts_ · first_building Barracks |
| 6:26 | Fts_ · wall_segment Palisade Wall x6 |
| 6:27 | Fts_ · wall_segment Palisade Wall x3 |
| 7:46 | Fts_ · wall_segment Palisade Wall x7 |
| 8:12 | PigeonOnABrick · first_building Barracks |
| 8:42 | Fts_ · wall_segment Palisade Wall x7 |
| 9:23 | PigeonOnABrick · age_up feudal |
| 9:26 | PigeonOnABrick · first_building Archery Range |
| 9:38 | PigeonOnABrick · wall_segment Palisade Wall x2 |
| 9:40 | PigeonOnABrick · wall_segment Palisade Wall x1 |
| 9:42 | PigeonOnABrick · wall_segment Palisade Wall x1 |
| 10:38 | PigeonOnABrick · wall_segment Palisade Wall x1 |
| 12:26 | Fts_ · wall_segment Palisade Wall x1 |
| 13:37 | Fts_ · age_up feudal |
| 13:38 | Fts_ · first_building Archery Range |
| 14:23 | PigeonOnABrick · wall_segment Palisade Wall x6 |
| 14:50 | Fts_ · first_market_sell 100 stone |
| 14:52 | Fts_ · first_market_buy 100 food |
| 16:58 | PigeonOnABrick · first_market_buy 100 food |
| 17:21 | Fts_ · first_building Stable |
| 17:59 | Fts_ · age_up castle |
| 18:06 | PigeonOnABrick · wall_segment Palisade Wall x6 |
| 18:50 | PigeonOnABrick · wall_segment Palisade Wall x7 |
| 18:58 | PigeonOnABrick · wall_segment Palisade Wall x5 |
| 19:00 | PigeonOnABrick · wall_segment Palisade Wall x7 |
| 20:29 | PigeonOnABrick · age_up castle |
| 21:36 | PigeonOnABrick · first_building Monastery |
| 22:40 | Fts_ · wall_segment Palisade Wall x1 |
| 24:35 | Fts_ · first_building Monastery |
| 26:32 | Fts_ · first_building Castle |
| 27:04 | PigeonOnABrick · first_building Stable |
| 28:18 | PigeonOnABrick · first_market_sell 100 wood |
| 30:20 | PigeonOnABrick · first_building Castle |
| 30:50 | PigeonOnABrick · first_building Siege Workshop |
| 31:03 | PigeonOnABrick · age_up imperial |
| 34:58 | Fts_ · age_up imperial |
| 37:13 | Fts_ · first_building Siege Workshop |
| 38:46 | Fts_ · resign |
[ AI ANALYSIS · 1 CREDIT ]
What really happened in this match?
Wolo.gg analyzes every decision: build order, eco, micro, common mistakes by bracket. Personalized analysis on WhatsApp or Discord in 30 seconds.
Civ guide
Slavs
Perfil
Jugador #10657462